 Dungeon Crawl Stone Soup version 0.28-a0-1624-g820543e53a (webtiles) character file.

Game seed: 11623341740006898119

393 oldriver the Sneak (level 6, 0/38 (49) HPs)
             Began as a Naga Venom Mage on Jan 24, 2022.
             Was an Initiate of Vehumet.
             Slain by a necrophage (3 damage)
             ... on level 4 of the Dungeon.
             The game lasted 00:06:53 (6759 turns).

oldriver the Sneak (Naga Venom Mage)                Turns: 6759, Time: 00:06:54

HP:   0/38 (49)     AC:  4    Str: 11    XL:     6   Next: 81%
MP:   10/10         EV:  9    Int: 17    God:    Vehumet [......]
Gold: 93            SH:  0    Dex: 11    Spells: 4/11 levels left

rFire   . . .      SeeInvis +   r - +2 flail (vorpal)
rCold   . . .      Faith    .   (no shield)
rNeg    . . .      Spirit   .   a - +0 robe
rPois   +          Reflect  .   f - +0 helmet
rElec   .          Harm     .   c - scarf {+Inv}
rCorr   .          Rampage  .   (no gloves)
Will    .....                   (no barding)
Stlth   +++.......              (no amulet)
HPRegen 0.12/turn               (no ring)
MPRegen 0.12/turn               (no ring)

@: flying, heavily drained, very slow
A: AC +2, large, see invisible, deformed body, poison resistance, slowness 2,
spit poison 1, naga tail 1
a: Spit Poison, Renounce Religion, Evoke Invisibility


You were on level 4 of the Dungeon.
You worshipped Vehumet.
Vehumet was noncommittal.
You visited 1 branch of the dungeon, and saw 4 of its levels.

You collected 93 gold pieces.

Inventory:

Hand Weapons
 r - a +2 vorpal flail (weapon)
Missiles
 q - a throwing net
Armour
 a - a +0 robe (worn)
 c - a scarf of invisibility (worn)
 f - a +0 helmet (worn)
 l - a +0 ring mail
Magical Staves
 k - a staff of death
Jewellery
 m - a ring of ice
 o - an amulet of faith
Wands
 p - a wand of mindburst (13)
Scrolls
 d - a scroll of fog {unknown}
 e - a scroll of identify {unknown}
 g - 2 scrolls of blinking {unknown}
 h - 2 scrolls of amnesia {unknown}
 j - a scroll of vulnerability {unknown}
 n - a scroll of silence {unknown}
Potions
 b - a potion of flight
 i - a potion of berserk rage {unknown}
 s - 2 potions of degeneration {unknown}


   Skills:
 - Level 1.5 Dodging
 + Level 7.5 Stealth
 - Level 3.0 Spellcasting
 - Level 1.0 Transmutations
 + Level 7.0 Poison Magic


You had 4 spell levels left.
You knew the following spells:

 Your Spells              Type           Power      Damage    Failure   Level
a - Sting                 Tmut/Pois      64%        1d6       3%          1
b - Poisonous Vapours     Pois/Air       28%        N/A       6%          2
o - Olgreb's Toxic Radia  Pois           26%        N/A       10%         4

Your spell library contained the following spells:

 Spells                   Type           Power      Damage    Failure   Level
 Mephitic Cloud           Conj/Pois/Air  10%        N/A       21%         3
 Sublimation of Blood     Necr           2%         N/A       26%         2
 Frozen Ramparts          Ice            4%         1d2       45%         3
 Petrify                  Tmut/Erth      4%         N/A       80%         4
 Irradiate                Conj/Tmut      2%         3d14      98%         5


Dungeon Overview and Level Annotations

Branches:
Dungeon (4/15)
 Temple: D:4-7

Altars:
Cheibriados
Okawaru
Vehumet

Shops:
D:2 ?   D:4 !

Annotations:
D:4 Dowan


Innate Abilities, Weirdness & Mutations

Your serpentine skin is tough. (AC +2)
You have supernaturally acute eyesight. (SInv)
Armour fits poorly on your strangely shaped body.
Your system is resistant to poisons. (rPois)
You cover ground very slowly.
You can spit poison.
You have a snake-like lower body.


Message History

The necrophage closely misses you.
You closely miss the necrophage.
The necrophage is moderately damaged.
The necrophage hits you!
You feel drained. The necrophage hits you.
You barely miss the necrophage.
The necrophage is moderately damaged.
The necrophage hits you.
You feel drained.
You barely miss the necrophage.
The necrophage is moderately damaged.
The necrophage hits you. x2
You hit the necrophage.
The necrophage is heavily damaged.
The necrophage barely misses you.
You barely miss the necrophage.
The necrophage is heavily damaged.
The necrophage hits you but does no damage.
You barely miss the necrophage.
The necrophage is heavily damaged.
The necrophage hits you.
* * * LOW HITPOINT WARNING * * *
You feel drained.
* * * LOW HITPOINT WARNING * * *
The necrophage misses you.
You closely miss the necrophage.
The necrophage is heavily damaged.
The necrophage hits you but does no damage.
You closely miss the necrophage.
The necrophage is heavily damaged.
The necrophage barely misses you. The necrophage hits you.
* * * LOW HITPOINT WARNING * * *
You barely miss the necrophage.
The necrophage is heavily damaged.
The necrophage hits you.
* * * LOW HITPOINT WARNING * * *
You feel drained.
* * * LOW HITPOINT WARNING * * *
It was a potion of flight.
You feel very buoyant.
You fly up into the air.
The necrophage hits you.
You die...

####### ..... #..## . #
#...# ...
##########.#.######.....
...............n@.......
##########.#.######......
#.#.# #.....# #.#.#
....... # #.#.# .......
#. ## ..... ..... .. .#
....W ...## .# .# .....
#..# .# .# #.# .#


You could see a necrophage.

Vanquished Creatures
  A black bear (D:3)
  A necrophage (D:4)
  Natasha (thrice) (D:2)
  4 gnolls
  2 adders
  An adder skeleton (D:4)
  2 worms (D:2)
  4 dart slugs
  3 orcs (D:3)
  6 ball pythons
  3 bats
  8 endoplasms
  2 giant cockroaches (D:2)
  4 goblins
  5 hobgoblins
  7 jackals (D:1)
  3 quokkas
  4 frilled lizards
  4 kobolds
  2 rats
69 creatures vanquished.

Vanquished Creatures (others)
  A plant (D:1)
1 creature vanquished.

Grand Total: 70 creatures vanquished

Notes
Turn   | Place    | Note
-------+----------+-------------------------------------------
     0 | D:1      | oldriver the Naga Venom Mage began the quest for the Orb.
     0 | D:1      | Reached XP level 1. HP: 15/15 MP: 3/3
   412 | D:1      | Got the Papyrus of the Fifty Spirits
   641 | D:1      | Reached XP level 2. HP: 22/22 MP: 1/5
   704 | D:1      | Learned a level 2 spell: Poisonous Vapours
  1352 | D:1      | Found a faded altar of an unknown god.
  1654 | D:1      | Reached XP level 3. HP: 28/28 MP: 4/7
  3026 | D:2      | Found Miosm's Magic Scroll Boutique.
  3041 | D:2      | Reached XP level 4. HP: 36/36 MP: 6/8
  3357 | D:2      | Noticed Natasha
  3361 | D:2      | Killed Natasha
  3362 | D:2      | Reached skill level 5 in Poison Magic
  3982 | D:2      | Noticed Natasha
  3986 | D:2      | Killed Natasha
  3987 | D:2      | Reached skill level 5 in Stealth
  3987 | D:2      | Reached XP level 5. HP: 42/42 MP: 3/9
  4257 | D:2      | Noticed Natasha
  4265 | D:2      | Killed Natasha
  4378 | D:3      | Noticed a black bear
  4795 | D:3      | Killed a black bear
  4796 | D:3      | Reached XP level 6. HP: 31/49 MP: 0/10
  5078 | D:3      | Found a snail-covered altar of Cheibriados.
  5090 | D:3      | Found an iron altar of Okawaru.
  5090 | D:3      | Found a radiant altar of Vehumet.
  5138 | D:3      | Became a worshipper of Vehumet
  5425 | D:3      | Learned a level 4 spell: Olgreb's Toxic Radiance
  6326 | D:4      | Noticed Dowan
  6346 | D:4      | Noticed a necrophage
  6364 | D:4      | Killed a necrophage
  6697 | D:4      | Found Rechopno's Distillery.
  6724 | D:4      | Noticed a necrophage
  6735 | D:4      | Noticed a necrophage
  6759 | D:4      | Slain by a necrophage

Illustrated notes

Levels and vault maps discovered:
D:1:      nicolae_arrival_somewhat_less_tricky_arrival, layout_basic,
          shapermc_ecumenical_altar_gd
D:2:      layout_loops_corners, serial_shops, shop, uniq_natasha
D:3:      layout_rooms, grunt_temple_overflow_open
D:4:      layout_rooms, serial_shops, nicolae_shop_advertising_works
          [nicolae_subvault_shop_adworks], nicolae_shop_stone,
          nicolae_shop_waterfront, roderic_roman_lattice, uniq_duvessa,
          uniq_grinder

Skill      XL: |  1  2  3  4  5  6 |
---------------+-------------------+-----
Spellcasting   | 3 |  3.0
Stealth        | 4 5 6 7 |  7.5
Poison Magic   | 5 6 7 |  7.0
Dodging        | |  1.5
Transmutations | |  1.0

Action                   |  1- 3 |  4- 6 || total
-------------------------+-------+-------++-------
Melee: Unarmed           |    11 |       ||    11
       Short sword       |    12 |     7 ||    19
       Flail             |       |    31 ||    31
       Mace              |       |     3 ||     3
 Cast: Sting             |    50 |    71 ||   121
       Poisonous Vapours |    19 |    21 ||    40
  Use: Potion            |       |     1 ||     1
Armor: Robe              |    12 |    22 ||    34
Dodge: Dodged            |    25 |    36 ||    61

Table legend: (Time is in decaauts)
 A = Elapsed time spent in this place.
 B = Non-inter-level travel time spent in this place.
 C = Inter-level travel time spent in this place.
 D = Time resting spent in this place.
 E = Time spent auto-exploring this place.
 F = Levels seen in this place.
 G = Mean time per level.
                   A        B        C        D        E       F      G
               +--------+--------+--------+--------+--------+-----+--------+
         Total |   7717 |   7497 |    220 |   2964 |   3593 |   4 | 1929.2 |
       Dungeon |   7717 |   7497 |    220 |   2964 |   3593 |   4 | 1929.2 |
               +--------+--------+--------+--------+--------+-----+--------+

Top non-repeatable levels by time:
     D:2: 2627 daAuts
     D:1: 2562 daAuts
     D:3: 1561 daAuts
     D:4: 966 daAuts
